 Dungeon Crawl Stone Soup version 0.29.0-4-gdea44cf6ec (webtiles) character file.

Game seed: 7523193879737353209

298 qw the Chopper (level 6, -4/36 HPs)
             Began as a Tengu Warper on Aug 28, 2022.
             Slain by a lemure (6 damage)
             ... led by Pikel
             ... on level 5 of the Dungeon.
             The game lasted 00:00:25 (4337 turns).

qw the Chopper (Tengu Warper)                       Turns: 4337, Time: 00:00:26

Health: -4/36      AC:  6    Str: 14    XL:     6   Next: 35%
Magic:  10/10      EV: 13    Int: 13    God:
Gold:   278        SH:  0    Dex: 13    Spells: 9/9 levels left

rFire   . . .      SeeInvis .   Y - +0 hand axe
rCold   . . .      Faith    .   (no shield)
rNeg    . . .      Spirit   .   j - +0 ring mail
rPois   +          Reflect  .   (helmet restricted)
rElec   +          Harm     .   (no cloak)
rCorr   .          Rampage  .   e - +0 pair of gloves
Will    .....                   (boots unavailable)
Stlth   +.........              k - amulet of regeneration
HPRegen 0.92/turn               (no ring)
MPRegen 0.12/turn               (no ring)

@: flying quickly and evasively, quick
A: beak, talons 3, nimble flight, poison resistance, electricity resistance,
subdued magic 1
a: no special abilities


You were on level 5 of the Dungeon.
You visited 1 branch of the dungeon, and saw 5 of its levels.

You collected 278 gold pieces.


Innate Abilities, Weirdness & Mutations

You have a beak for a mouth.
You have claws for feet.
Your magical nature lets you fly swiftly and evasively.
Your system is resistant to poisons. (rPois)
You are resistant to electric shocks. (rElec)
Your spells are a little easier to cast, but a little less powerful.


   Skills:
 + Level 2.4 Fighting
 - Level 7.0 Axes
 - Level 1.0 Throwing
 - Level 1.1 Armour
 - Level 2.1 Dodging
 - Level 2.0 Spellcasting
 - Level 2.4 Translocations


You had 9 spell levels left.
You didn't know any spells.
Your spell library contained the following spells:

 Spells                   Type           Power      Damage    Failure   Level
 Blink                    Tloc           10%        N/A       26%         2
 Gell's Gravitas          Tloc           5%         N/A       47%         3
 Lesser Beckoning         Tloc           5%         N/A       47%         3
 Teleport Other           Tloc           5%         N/A       47%         3
 Manifold Assault         Tloc           5%         N/A       99%         5

Inventory:

Hand Weapons
 i - a +0 flail
 Y - a +0 hand axe (weapon)
Missiles
 d - 3 boomerangs (quivered)
Armour
 e - a +0 pair of gloves (worn)
 j - a +0 ring mail (worn)
Jewellery
 c - a ring of fire
 k - an amulet of regeneration (around neck)
Scrolls
 b - a scroll of identify
Potions
 a - a potion of mutation
 f - 2 potions of curing
 g - a potion of cancellation {unknown}
 h - a potion of heal wounds {unknown}

Dungeon Overview and Level Annotations

Branches:
Dungeon (5/15)
 Temple: D:4-7

Altars:
Trog
Uskayaw

Annotations:
D:5 Pikel


Message History

Pikel is lightly wounded.
Pikel hits you with a +1 whip of freezing!
Pikel freezes you.
You hit Pikel but do no damage.
Pikel is lightly wounded.
Pikel hits you with a +1 whip of freezing.
Pikel freezes you.
You miss Pikel. You claw Pikel. Your peck misses Pikel.
Pikel is lightly wounded.
Pikel hits you with a +1 whip of freezing.
Pikel freezes you.
A lemure comes into view.
4332 ||| Stepping ~*~*~tactically~*~*~ (stealth).
You closely miss Pikel.
The lemure shouts!
You claw Pikel, but do no damage. Your punch misses Pikel.
Pikel is lightly wounded.
Pikel says, "You'll make a fine lemure."
Pikel hits you with a +1 whip of freezing.
Pikel freezes you.
You closely miss Pikel.
Pikel is lightly wounded.
You closely miss the lemure. You hit Pikel but do no damage.
Your kick misses Pikel. You peck Pikel, but do no damage.
Pikel is lightly wounded.
You hit the lemure but do no damage. Pikel barely misses you.
The lemure hits you.
You barely miss Pikel.
Pikel is lightly wounded.
You hit the lemure.
Pikel hits you with a +1 whip of freezing.
Pikel freezes you. The lemure closely misses you.
You hit Pikel but do no damage. Your kick misses Pikel.
You punch Pikel, but do no damage.
Pikel is lightly wounded.
You barely miss the lemure. You hit the lemure. Pikel closely misses you.
The lemure hits you but does no damage. The lemure hits you.
You die...

## ## > ##......
#....#.# #..#.#.
#5 #..#... ..
#.....##5#
#...#....#.#
#555#).$....
#.@K.)#
#######..##.#.#
#.....<......5..
#..>.......#.##.
#..........#..
#...^....#....#
#........#.##..
#........... ...
#.........###


You could see Pikel and 3 lemures.

Vanquished Creatures
  A scorpion (D:4)
  A hound (D:4)
  A jelly (D:4)
  4 gnolls
  4 adders
  4 dart slugs
  4 orcs
  6 ball pythons
  6 bats
  3 endoplasms (D:1)
  7 giant cockroaches
  11 goblins
  7 hobgoblins
  8 jackals
  8 kobolds
  7 quokkas
  2 frilled lizards
  3 rats
87 creatures vanquished.

Notes
Turn   | Place    | Note
-------+----------+-------------------------------------------
     0 | D:1      | qw the Tengu Warper began the quest for the Orb.
     0 | D:1      | Reached XP level 1. HP: 12/12 MP: 4/4
     0 | D:1      | 0 ||| qw: Version: 0.1-a-89-g26bdef1
     0 | D:1      | 0 ||| qw: Game counter: 2725
     0 | D:1      | 0 ||| qw: Always use a shield: true
     0 | D:1      | 0 ||| qw: God list: Okawaru
     0 | D:1      | 0 ||| qw: Allow faded altars: false
     0 | D:1      | 0 ||| qw: Do Orc after D:15 true
     0 | D:1      | 0 ||| qw: Do second Lair branch before Depths: true
     0 | D:1      | 0 ||| qw: Lair rune preference: random
     0 | D:1      | 0 ||| qw: Plans: Normal
     0 | D:1      | 0 ||| PLANNING D:1-11
    52 | D:1      | 52 ||| Stepping ~*~*~tactically~*~*~ (stealth).
    59 | D:1      | Reached XP level 2. HP: 13/17 MP: 6/6
   160 | D:1      | Reached skill level 3 in Axes
   308 | D:1      | 308 ||| Stepping ~*~*~tactically~*~*~ (stealth).
   310 | D:1      | 310 ||| Stepping ~*~*~tactically~*~*~ (hiding).
   425 | D:1      | Found a faded altar of an unknown god.
   482 | D:1      | 482 ||| Stepping ~*~*~tactically~*~*~ (stealth).
   484 | D:1      | 484 ||| Stepping ~*~*~tactically~*~*~ (stealth).
   489 | D:1      | HP: 3/17 [frozen (5)]
   804 | D:1      | 804 ||| Stepping ~*~*~tactically~*~*~ (stealth).
   808 | D:1      | Reached XP level 3. HP: 18/21 MP: 7/7
   811 | D:1      | 811 ||| Stepping ~*~*~tactically~*~*~ (stealth).
  1010 | D:1      | Reached skill level 4 in Axes
  1038 | D:1      | 1038 ||| DROPPING +0 club.
  1188 | D:1      | 1188 ||| Stepping ~*~*~tactically~*~*~ (stealth).
  1502 | D:1      | 1502 ||| Stepping ~*~*~tactically~*~*~ (hiding).
  1511 | D:1      | Reached XP level 4. HP: 26/26 MP: 8/8
  1844 | D:1      | 1844 ||| UPGRADING to +0 ring mail.
  1854 | D:1      | 1854 ||| DROPPING +0 leather armour.
  1855 | D:1      | 1855 ||| READING scroll labelled SOATAS WIAGY.
  1856 | D:1      | 1856 ||| READING 2 scrolls labelled KAVUAV KEUTZOZE.
  1997 | D:1      | 1997 ||| READING scroll labelled RIMUFIGOBRE.
  1998 | D:1      | 1998 ||| DROPPING scroll of blinking.
  1999 | D:1      | 1999 ||| DROPPING scroll of torment.
  2071 | D:2      | 2071 ||| Stepping ~*~*~tactically~*~*~ (stealth).
  2077 | D:2      | 2077 ||| Stepping ~*~*~tactically~*~*~ (stealth).
  2078 | D:2      | 2078 ||| Stepping ~*~*~tactically~*~*~ (stealth).
  2263 | D:2      | Reached skill level 5 in Axes
  2436 | D:2      | 2436 ||| Stepping ~*~*~tactically~*~*~ (hiding).
  2438 | D:2      | 2438 ||| Stepping ~*~*~tactically~*~*~ (hiding).
  2805 | D:2      | 2805 ||| UPGRADING to +0 pair of gloves.
  2810 | D:2      | 2810 ||| UPGRADING to amulet of regeneration.
  2815 | D:2      | 2815 ||| READING 2 scrolls labelled NOOW QOUXTYPN.
  2818 | D:2      | 2818 ||| READING scroll labelled UHISSO ATTE.
  2819 | D:2      | 2819 ||| READING scroll labelled ITOFYA QUIXOMU.
  2820 | D:2      | 2820 ||| DRINKING 3 fizzy coppery potions.
  2840 | D:3      | 2840 ||| PLANNING SEWER
  2900 | D:3      | Gained mutation: Your magical nature lets you fly swiftly
                  | and evasively. [Tengu growth]
  2900 | D:3      | Reached XP level 5. HP: 14/30 MP: 9/9
  2900 | D:3      | 2900 ||| FLEEEEING.
  2901 | D:3      | 2901 ||| FLEEEEING.
  2904 | D:3      | 2904 ||| FLEEEEING.
  2905 | D:3      | 2905 ||| FLEEEEING.
  2906 | D:3      | 2906 ||| FLEEEEING.
  2907 | D:3      | 2907 ||| FLEEEEING.
  2908 | D:3      | 2908 ||| FLEEEEING.
  2909 | D:3      | 2909 ||| FLEEEEING.
  2910 | D:3      | 2910 ||| FLEEEEING.
  2911 | D:3      | 2911 ||| FLEEEEING.
  2915 | D:3      | 2915 ||| FLEEEEING.
  2916 | D:3      | 2916 ||| FLEEEEING.
  2917 | D:3      | 2917 ||| FLEEEEING.
  3072 | D:3      | 3072 ||| Stepping ~*~*~tactically~*~*~ (hiding).
  3251 | D:3      | 3251 ||| Stepping ~*~*~tactically~*~*~ (stealth).
  3252 | D:3      | Found a bloodstained altar of Trog.
  3413 | D:3      | Found a glowing drain.
  3414 | D:3      | 3414 ||| READING scroll labelled TYKUNA VIARHOUC.
  3415 | D:3      | 3415 ||| DRINKING 3 fuming pink potions.
  3416 | D:3      | 3416 ||| DROPPING 2 potions of flight.
  3419 | D:3      | 3419 ||| READING scroll of teleportation.
  3612 | D:3      | 3612 ||| RIP SEWER
  3653 | D:3      | 3653 ||| PLANNING D:1-11
  3668 | D:3      | 3668 ||| Stepping ~*~*~tactically~*~*~ (stealth).
  3747 | D:4      | 3747 ||| Stepping ~*~*~tactically~*~*~ (stealth).
  3748 | D:4      | 3748 ||| Stepping ~*~*~tactically~*~*~ (stealth).
  3766 | D:4      | Reached skill level 6 in Axes
  3801 | D:4      | Reached XP level 6. HP: 32/35 MP: 10/10
  3815 | D:4      | Reached skill level 7 in Axes
  3932 | D:4      | Found a hide-covered altar of Uskayaw.
  4175 | D:4      | 4175 ||| DRINKING 2 black potions.
  4175 | D:4      | Gained mutation: Your spells are a little easier to cast,
                  | but a little less powerful. [potion of mutation]
  4175 | D:4      | Gained mutation: You are resistant to electric shocks.
                  | (rElec) [potion of mutation]
  4175 | D:4      | Gained mutation: Your system is resistant to poisons.
                  | (rPois) [potion of mutation]
  4176 | D:4      | 4176 ||| DRINKING 3 puce potions.
  4277 | D:4      | 4277 ||| READING 2 scrolls of identify.
  4277 | D:4      | 4277 ||| IDENTIFYING fizzy brown potion
  4278 | D:4      | 4278 ||| DROPPING potion of degeneration.
  4279 | D:4      | 4279 ||| DROPPING 2 potions of ambrosia.
  4300 | D:5      | Entered Level 5 of the Dungeon
  4319 | D:5      | Noticed Pikel
  4326 | D:5      | 4326 ||| Stepping ~*~*~tactically~*~*~ (stealth).
  4332 | D:5      | 4332 ||| Stepping ~*~*~tactically~*~*~ (stealth).
  4333 | D:5      | HP: 9/36 [Pikel/+1 whip of freezing (6)]
  4336 | D:5      | HP: 2/36 [Pikel/+1 whip of freezing (6)]
  4337 | D:5      | Slain by a lemure

Levels and vault maps discovered:
D:1:      dpeg_arrival_three_bigger_balls, layout_loops_ring,
          ebering_ecumenical_altar_rust, minivault_27, minmay_curled_crystal,
          minmay_domino_2
D:2:      layout_loops_ring, fountainhead, grunt_decor_clamped, hex_medium,
          minmay_worlds_worst_comb
D:3:      layout_basic, mainiacjoe_overflow_six_doors_small,
          gup_sewer_entry_glass
D:4:      layout_layer_cave, nicolae_uskayaw_murder_on_the_dancefloor
D:5:      layout_rooms, nicolae_overflow_squiral, minmay_temple_entry_ruins,
          gammafunk_ghost_arena, uniq_pikel

Skill      XL: |  1  2  3  4  5  6 |
---------------+-------------------+-----
Axes           | 3 4 5 6 7 |  7.0
Fighting       | |  2.4
Throwing       | |  1.0
Armour         | |  1.1
Dodging        | |  2.1
Spellcasting   | |  2.0
Translocations | |  2.4

Action                   |  1- 3 |  4- 6 || total
-------------------------+-------+-------++-------
Melee: Hand axe          |    79 |   159 ||   238
       Kick              |    15 |    40 ||    55
       Peck              |     6 |    26 ||    32
       Punch             |       |     1 ||     1
Throw: Boomerang         |     7 |       ||     7
  Use: Scroll            |       |     9 ||     9
       Potion            |       |     4 ||     4
Armor: Leather armour    |    13 |     1 ||    14
       Ring mail         |       |    47 ||    47
Dodge: Dodged            |    33 |   101 ||   134

Table legend:
 A = Non-vault XP
 B = Vault XP
 C = Vault XP percentage of total XP
 D = Non-vault monster count
 E = Vault monster count
 F = Vault count percentage of total count
                 A         B        C        D         E       F
            +---------+---------+-------+---------+---------+-------
      Total |     406 |      20 |   4.7 |      78 |       9 |  10.3
            +---------+---------+-------+---------+---------+-------
        D:1 |      82 |       6 |   6.8 |      35 |       2 |   5.4
        D:2 |      42 |      10 |  19.2 |      10 |       5 |  33.3
        D:3 |      62 |       4 |   6.1 |      14 |       2 |  12.5
        D:4 |     211 |       0 |   0.0 |      16 |       0 |   0.0
        D:5 |       9 |       0 |   0.0 |       3 |       0 |   0.0
            +---------+---------+-------+---------+---------+-------
